 Dungeon Crawl Stone Soup version 0.30-a0-672-gc3a7216ad8 (webtiles) character file.

Game seed: 17433488773485681562

352 bande the Chopper (level 6, -7/53 HPs)
             Began as a Hill Orc Fighter on Jan 19, 2023.
             Mangled by a kobold brigand
             ... wielding a +0 dagger of distortion
              (15 damage)
             ... on level 3 of the Dungeon.
             The game lasted 00:03:53 (3130 turns).

bande the Chopper (Hill Orc Fighter)                Turns: 3130, Time: 00:03:54

Health: -7/53      AC: 12    Str: 19    XL:     6   Next: 61%
Magic:  6/6        EV:  5    Int:  8    God:
Gold:   111        SH:  5    Dex: 12    Spells: 5/5 levels left

rFire   . . .      SeeInvis .    a - +0 war axe
rCold   . . .      Faith    .    c - +0 buckler
rNeg    . . .      Spirit   .    m - +0 plate armour
rPois   .          Reflect  .    (no helmet)
rElec   .          Harm     .    (no cloak)
rCorr   .          Rampage  .    (no gloves)
Will    .....                    (no boots) Stlth
                                 j - amulet of the acrobat
HPRegen 0.28/turn                (no ring)
MPRegen 0.10/turn                (no ring)

@: no status effects
A: no striking features
a: no special abilities


You were on level 3 of the Dungeon.
You visited 1 branch of the dungeon, and saw 4 of its levels.
You visited the Abyss 1 time.

You collected 111 gold pieces.

Inventory:

Hand Weapons
 a - a +0 war axe (weapon)
 q - a +0 flail
Armour
 c - a +0 buckler (worn)
 m - a +0 plate armour (worn)
Jewellery
 j - an amulet of the acrobat (around neck)
 t - an amulet of magic regeneration
Scrolls
 e - 2 scrolls of identify {unknown}
 f - a scroll of noise {unknown}
 h - a scroll of enchant weapon {unknown}
 i - a scroll of torment {unknown}
 l - a scroll of magic mapping {unknown}
 o - a scroll of immolation {unknown}
 p - a scroll of enchant armour {unknown}
Potions
 b - 2 potions of lignification {unknown}
 d - a potion of might
 g - 2 potions of curing
 k - 2 potions of mutation {unknown}
 n - a potion of magic {unknown}
 r - a potion of attraction {unknown}
 s - a potion of degeneration {unknown}
 u - a potion of cancellation {unknown}


   Skills:
 + Level 4.7 Fighting
 + Level 6.5 Axes
 + Level 4.6 Armour
 + Level 4.2 Shields


You had 5 spell levels left.
You didn't know any spells.
Your spell library contained the following spells:

 Spells                   Type           Power      Damage    Failure   Level
 Cigotuvi's Dreadful Rot  Necr/Pois/Air  0%         N/A       100%        2
 Poisonous Vapours        Pois/Air       0%         N/A       100%        2
 Static Discharge         Conj/Air       0%         2-2/arc   100%        2
 Mephitic Cloud           Conj/Pois/Air  0%         N/A       100%        3
 Vhi's Electric Charge    Tloc/Air       0%         N/A       100%        3
 Arcjolt                  Conj/Air       0%         1d10      100%        5
 Lightning Bolt           Conj/Air       0%         1d11      100%        5


Dungeon Overview and Level Annotations

Branches:
Dungeon (4/15)
 Temple: D:4-7

Altars:
Kikubaaqudgha
Uskayaw


Message History

The thrashing horror tramples you!
* * * LOW HITPOINT WARNING * * *
You hold your ground!
The thrashing horror misses you.
The iron imp grinds its teeth.
The iron imp barely misses you.
The thrashing horror attacks as you move away!
The thrashing horror barely misses you. The thrashing horror tramples you.
* * * LOW HITPOINT WARNING * * *
The thrashing horror closely misses you. x2
The thrashing horror attacks as you move away!
The thrashing horror tramples you.
* * * LOW HITPOINT WARNING * * *
The thrashing horror barely misses you.
Found a gateway leading deeper into the Abyss.
The thrashing horror tramples you but does no damage.
The thrashing horror completely misses you.
The thrashing horror closely misses you.
You block the thrashing horror's attack.
There is a gateway leading out of the Abyss here.
You pass through the gate.
Welcome back to the Dungeon!
The kobold brigand hits you with a +0 dagger of distortion.
* * * LOW HITPOINT WARNING * * *
Space warps around you.
* * * LOW HITPOINT WARNING * * *
There is an open translucent gate here.
Unknown command.
It was a potion of curing.
You feel better.
The kobold brigand hits you but does no damage.
You blink.
Unknown command.
You barely miss the kobold brigand.
The kobold brigand is moderately wounded.
You block the kobold brigand's attack.
You barely miss the kobold brigand.
The kobold brigand is moderately wounded.
The kobold brigand hits you with a +0 dagger of distortion.
* * * LOW HITPOINT WARNING * * *
Space warps horribly around you!
You die...

#^.#.#.#.......>.....# #..#
#..........####(###..# #..#
##.#.#.##...# #.#
#..######..#
##...#####.###.###...........
##.## ###.#....##.#######...
#.# #....)))..#.# ##.#
#.####.##')'##...# #..
#.....##..K..##..# ##.
#######.#|@.#.#..### #.
#⌠.#.#.⌠##...# #.
#.#...#.##...# #.
##.....###...#### #.
###.[)##....))..####.
#.#####..........)... ##.#
#..............
#.#######...####.###
#................#


You could see a kobold brigand.

Vanquished Creatures
  Sigmund (D:3)
  The ghost of tio the Twirler, a weakling DsGl (D:4)
  3 adders
  4 gnolls (D:3)
  2 worms
  3 dart slugs
  2 orcs (D:3)
  7 endoplasms
  3 giant cockroaches (D:1)
  8 goblins
  3 hobgoblins
  4 jackals (D:2)
  3 quokkas
  6 ball pythons
  8 bats
  3 frilled lizards (D:1)
  14 kobolds
  5 rats
80 creatures vanquished.

Notes
Turn   | Place    | Note
-------+----------+-------------------------------------------
     0 | D:1      | bande the Hill Orc Fighter began the quest for the Orb.
     0 | D:1      | Reached XP level 1. HP: 19/19 MP: 1/1
    20 | D:1      | Found a faded altar of an unknown god.
   237 | D:1      | Reached XP level 2. HP: 27/27 MP: 2/2
   456 | D:1      | Reached skill level 3 in Axes
   556 | D:1      | Reached XP level 3. HP: 33/33 MP: 3/3
  1000 | D:2      | Found a hide-covered altar of Uskayaw.
  1364 | D:2      | Reached XP level 4. HP: 40/40 MP: 4/4
  1421 | D:2      | Reached skill level 4 in Axes
  1653 | D:3      | Reached XP level 5. HP: 31/46 MP: 5/5
  1781 | D:3      | Found a runed translucent gate.
  1781 | D:3      | Found a runed translucent gate.
  1782 | D:3      | Noticed a kobold brigand
  1784 | D:3      | Noticed tio's ghost (weakling DsGl)
  1786 | D:3      | Found a runed translucent gate.
  1808 | D:3      | Noticed Sigmund
  1818 | D:3      | Killed Sigmund
  1819 | D:3      | Reached skill level 6 in Axes
  1819 | D:3      | Reached XP level 6. HP: 53/53 MP: 6/6
  2315 | D:4      | Found an ancient bone altar of Kikubaaqudgha.
  2600 | D:4      | Killed tio's ghost
  3071 | Abyss:1  | Cast into level 1 of the Abyss (kobold brigand)
  3107 | Abyss:1  | Noticed a thrashing horror
  3125 | D:3      | Escaped the Abyss
  3125 | D:3      | HP: 2/53 [kobold brigand/+0 dagger of distortion (3)]
  3130 | D:3      | Mangled by a kobold brigand

Illustrated notes

Levels and vault maps discovered:
D:1:      dpeg_arrival_water_temple_mockup, layout_loops_corners,
          shapermc_ecumenical_altar_ellora
D:2:      layout_basic, basic_altar
D:3:      layout_loops_ring, gammafunk_ghost_nasty_kobolds, uniq_sigmund
D:4:      layout_cave_pools, nicolae_kikubaaqudgha_miasma_corner,
          kennysheep_decorative_pillar

Skill      XL: |  1  2  3  4  5 |
---------------+----------------+-----
Fighting       | 4 |  4.7
Axes           | 3 4 6 |  6.5
Armour         | 4 |  4.6
Shields        | 4 |  4.2

Action                   |  1- 3 |  4- 6 || total
-------------------------+-------+-------++-------
Melee: War axe           |   121 |   116 ||   237
  Use: Potion            |       |     1 ||     1
Armor: Scale mail        |    35 |       ||    35
       Plate armour      |    16 |    87 ||   103
Dodge: Dodged            |    57 |    60 ||   117
Block: Buckler           |    30 |    40 ||    70

Table legend: (Time is in decaauts)
 A = Elapsed time spent in this place.
 B = Non-inter-level travel time spent in this place.
 C = Inter-level travel time spent in this place.
 D = Time resting spent in this place.
 E = Time spent auto-exploring this place.
 F = Levels seen in this place.
 G = Mean time per level.
                   A        B        C        D        E       F      G
               +--------+--------+--------+--------+--------+-----+--------+
         Total |   3211 |   3143 |     68 |    675 |   1817 |   5 |  642.2 |
       Dungeon |   3157 |   3089 |     68 |    675 |   1817 |   4 |  789.2 |
         Abyss |     54 |     54 |      0 |      0 |      0 |   1 |   54.0 |
               +--------+--------+--------+--------+--------+-----+--------+

Top non-repeatable levels by time:
     D:1: 1004 daAuts
     D:3: 739 daAuts
     D:4: 730 daAuts
     D:2: 681 daAuts
 Abyss:1: 54 daAuts
